 Dungeon Crawl Stone Soup version 0.31-a0-692-gf03d1854d5 (webtiles) character file.

Game seed: 8882343790234873119

147 qw the Shooter (level 5, -3/32 HPs)
             Began as a Gargoyle Hunter on Sept 6, 2023.
             Slain by a phantom (5 damage)
             ... on level 4 of the Dungeon.
             The game lasted 00:00:53 (2418 turns).

qw the Shooter (Gargoyle Hunter)                    Turns: 2418, Time: 00:00:54

Health: -3/32      AC:  9    Str: 15    XL:     5   Next: 29%
Magic:  5/5        EV: 11    Int:  9    God:
Gold:   142        SH:  0    Dex: 15    Spells: 4/4 levels left

rFire   . . .        Y - +1 shortbow
rCold   . . .        (shield currently unavailable)
rNeg    + . .        c - +0 leather armour
rPois   inf          j - +0 helmet
rElec   +            f - +0 cloak
rCorr   .            (no gloves)
SInv    .            (no boots)
Will    .....        (no amulet)
Stlth   ++           (no ring)
HPRegen 0.25/turn    (no ring)
MPRegen 0.09/turn

%: no passive effects
@: no status effects
A: sickness immunity, AC +4, negative energy resistance 1, electricity
resistance, torment resistance 1, petrification resistance
a: no special abilities


You were on level 4 of the Dungeon.
You visited 1 branch of the dungeon, and saw 4 of its levels.

You collected 142 gold pieces.


Innate Abilities, Weirdness & Mutations

You are immune to sickness and miasma.
Your stone body is resilient. (AC +4)
You are immune to poison.
You resist negative energy. (rN+)
You are resistant to electric shocks. (rElec)
You are resistant to unholy torment.
You are immune to petrification.


   Skills:
 - Level 3.6 Fighting
 + Level 5.6 Ranged Weapons
 - Level 1.0 Armour
 - Level 1.5 Dodging
 - Level 1.1 Stealth


You had 4 spell levels left.
You didn't know any spells.
Your spell library was empty.

Inventory:

Hand Weapons
 Y - a +1 shortbow (weapon)
Armour
 c - a +0 leather armour (worn)
 f - a +0 cloak (worn)
 h - a +0 ring mail
 j - a +0 helmet (worn)
 l - a +1 cloak
Potions
 a - a potion of cancellation {unknown}
 b - a potion of curing {unknown}
 d - a potion of enlightenment {unknown}
 e - a potion of heal wounds {unknown}
 g - a potion of lignification {unknown}
 i - a potion of resistance
 k - a potion of haste {unknown}

Dungeon Overview and Level Annotations

Branches:
Dungeon (4/15)
 Temple: D:4-7

Altars:


Message History

You shoot an arrow. The arrow hits the phantom.
The phantom is moderately damaged.
The phantom hits you but does no damage.
You shoot an arrow. The arrow closely misses the phantom.
The phantom misses you.
You shoot an arrow.
The arrow completely misses the phantom.
The phantom barely misses you. x2
You shoot an arrow. The arrow closely misses the phantom.
The phantom hits you.
The phantom blinks!
You blink.
You shoot an arrow. The arrow hits the phantom.
The phantom is moderately damaged.
The phantom hits you but does no damage.
You shoot an arrow. The arrow hits the phantom.
The phantom is moderately damaged.
The phantom closely misses you.
You shoot an arrow. The arrow hits the phantom.
The phantom is heavily damaged.
The phantom hits you but does no damage.
You shoot an arrow. The arrow hits the phantom!
The phantom is severely damaged.
The phantom hits you but does no damage.
You shoot an arrow. The arrow hits the phantom.
The phantom is almost destroyed.
The phantom hits you.
The phantom hits you but does no damage.
You shoot an arrow. The arrow hits the phantom.
The phantom is almost destroyed.
The phantom hits you but does no damage.
You shoot an arrow. The arrow barely misses the phantom.
The phantom hits you.
The phantom blinks!
You blink.
You shoot an arrow.
The arrow hits the phantom but does no damage.
The phantom is almost destroyed.
The phantom hits you but does no damage.
You shoot an arrow.
The arrow hits the phantom but does no damage.
The phantom is almost destroyed.
The phantom hits you.
You die...

.##. ####.# ....
..##.########## ....#
#.##.##.....).#
.....##.##.......##.#######
......#.##.##.##.##.......#
..##.......##>...##.#####.#
........##.##.##.##.#
.##.#.####.##.##.##.#
.##.#.# #......@W!.#
......# ####.##^##.#
##...## #.......... #...#
#.....###.#
#...######.....# #..
##..).........ยค.# #..
.........#.....## ...
.......>........
.........#.#..###


You could see a phantom.

Vanquished Creatures
  An orc priest (D:3)
  5 adders
  3 worms
  A dart slug (D:1)
  7 orcs
  7 endoplasms
  2 giant cockroaches
  5 goblins
  2 hobgoblins
  5 kobolds
  4 quokkas
  4 ball pythons
  4 bats
  3 frilled lizards
  4 rats
57 creatures vanquished.

Notes
Turn   | Place    | Note
-------+----------+-------------------------------------------
     0 | D:1      | qw the Gargoyle Hunter began the quest for the Orb.
     0 | D:1      | Reached XP level 1. HP: 12/12 MP: 1/1
     0 | D:1      | 0 ||| qw: Version: 0.3-a-76-g4403597
     0 | D:1      | 0 ||| qw: Game counter: 99
     0 | D:1      | 0 ||| qw: Melee chars always use a shield: true
     0 | D:1      | 0 ||| qw: God list: Okawaru
     0 | D:1      | 0 ||| qw: Allow faded altars: false
     0 | D:1      | 0 ||| qw: Do Orc after clearing Dungeon:15 true
     0 | D:1      | 0 ||| qw: Do second Lair branch before Depths: true
     0 | D:1      | 0 ||| qw: Lair rune preference: random
     0 | D:1      | 0 ||| qw: Goals: Normal
     0 | D:1      | 0 ||| PLANNING D:1-11
   127 | D:1      | Reached XP level 2. HP: 17/17 MP: 2/2
   585 | D:1      | 585 ||| READING scroll labelled OCVEIRCH RI XUO.
   586 | D:1      | 586 ||| READING scroll labelled ADAYRCHY JAPUBB.
   587 | D:1      | 587 ||| DROPPING scroll of butterflies.
   627 | D:2      | Reached XP level 3. HP: 21/21 MP: 3/3
   645 | D:2      | Reached skill level 5 in Ranged Weapons
   993 | D:2      | 993 ||| UPGRADING to +0 cloak.
   998 | D:2      | 998 ||| READING scroll labelled XIZUQ EDGHOTSO.
   999 | D:2      | 999 ||| READING scroll labelled NOIPTI MUIKKEG.
  1000 | D:2      | 1000 ||| DRINKING 2 bubbling silvery potions.
  1050 | D:3      | 1050 ||| FLEEEEING.
  1051 | D:3      | 1051 ||| FLEEEEING.
  1052 | D:3      | 1052 ||| FLEEEEING.
  1053 | D:3      | 1053 ||| FLEEEEING.
  1054 | D:3      | 1054 ||| FLEEEEING.
  1059 | D:3      | 1059 ||| FLEEEEING.
  1060 | D:3      | 1060 ||| FLEEEEING.
  1061 | D:3      | 1061 ||| FLEEEEING.
  1062 | D:3      | 1062 ||| STAIRDANCE
  1115 | D:3      | Reached skill level 3 in Fighting
  1115 | D:3      | Reached XP level 4. HP: 13/28 MP: 4/4
  1115 | D:3      | 1115 ||| STAIRDANCE
  1606 | D:3      | Found a faded altar of an unknown god.
  2069 | D:3      | 2069 ||| UPGRADING to +0 helmet.
  2074 | D:3      | 2074 ||| DROPPING ring of wizardry.
  2132 | D:4      | Reached XP level 5. HP: 32/32 MP: 5/5
  2148 | D:4      | Reached skill level 1 in Armour
  2394 | D:4      | Noticed a phantom
  2414 | D:4      | HP: 7/32 [phantom (4)]
  2416 | D:4      | HP: 2/32 [phantom (6)]
  2418 | D:4      | Slain by a phantom

Levels and vault maps discovered:
D:1:      dpeg_arrival_oval, layout_loops_ring
D:2:      layout_rooms, minmay_hexomino_f4
D:3:      layout_basic, shapermc_ecumenical_altar_totnotflames,
          grunt_decor_mini_mirrors
D:4:      layout_loops_cross, uniq_menkaure

Skill      XL: |  1  2  3  4  5 |
---------------+----------------+-----
Ranged Weapons | 5 |  5.6
Fighting       | 3 |  3.6
Armour         | 1 |  1.0
Dodging        | |  1.5
Stealth        | |  1.1

Action                     |  1- 3 |  4- 6 || total
---------------------------+-------+-------++-------
   Fire: Shortbow          |    87 |   118 ||   205
    Use: Scroll            |     4 |       ||     4
         Potion            |     1 |       ||     1
 Armour: Leather armour    |    20 |    35 ||    55
  Dodge: Dodged            |    12 |    20 ||    32

Table legend:
 A = Non-vault XP
 B = Vault XP
 C = Vault XP percentage of total XP
 D = Non-vault monster count
 E = Vault monster count
 F = Vault count percentage of total count
                 A         B        C        D         E       F
            +---------+---------+-------+---------+---------+-------
      Total |     207 |       3 |   1.4 |      55 |       2 |   3.5
            +---------+---------+-------+---------+---------+-------
        D:1 |      21 |       0 |   0.0 |      12 |       0 |   0.0
        D:2 |      36 |       3 |   7.7 |      11 |       2 |  15.4
        D:3 |     102 |       0 |   0.0 |      21 |       0 |   0.0
        D:4 |      48 |       0 |   0.0 |      11 |       0 |   0.0
            +---------+---------+-------+---------+---------+-------
